[Event "Israeli Team U18-ch 2022"]
[Site "Be'er Ya'akov"]
[Date "2022.08.16"]
[Round "7.3"]
[White "Uritsky, Yonathan"]
[Black "Weisbuch, Ido"]
[Result "1-0"]
[ECO "A26"]
[WhiteElo "2130"]
[BlackElo "1479"]
[Annotator "TA"]
[PlyCount "55"]
[EventDate "2022.08.14"]
[EventCountry "ISR"]
[SourceTitle "playchess.com"]
[Source "ChessBase"]
[SourceQuality "1"]
[TimeControl "3000+10"]

1. Nf3 Nf6 2. g3 g6 3. Bg2 Bg7 4. O-O d6 5. c4 O-O 6. Nc3 e5 7. d3 Nc6 8. Rb1 Ne7 9. b4 {[%emt 0:00:57][%cal Bb2b4,Bb4b5][%mdl 32] A26: English Opening vs King's Indian with ...Nc6 and d3.} c6 10. b5 Qc7 {[%emt 0:03:09] [#]} 11. Qc2 $146 {[%emt 0:01:32] White is slightly better.} ({Predecessor:} 11. bxc6 bxc6 12. Ba3 Bd7 13. Nxe5 dxe5 14. Bxe7 Rfe8 15. Bc5 Rab8 16. Qa4 a5 17. Qa3 Rxb1 18. Rxb1 {1-0 (26) Teran Alvarez,I (2422)-Ferrer Freyre,D (2042) Seville 2012}) 11... d5 {[%emt 0:05:24] [#]} (11... Bg4 $14) 12. a4 {[%emt 0:01:54] White is more active.} (12. bxc6 $1 $16 {cxd5 is the strong threat.} bxc6 13. cxd5 Nexd5 14. Nxd5 Nxd5 15. Bd2) 12... dxc4 (12... d4 $1 $11 13. Na2 (13. Ne4 Nxe4 14. dxe4 c5 $15) 13... Rd8) 13. dxc4 $14 Bf5 14. e4 Be6 15. c5 cxb5 $2 {[%emt 0:01:06] [#] This costs Black the game.} ({Black should play} 15... Rfd8 $14) 16. Nxb5 $18 Qb8 17. Nd6 b6 18. Nxe5 Ne8 19. Nec4 Qc7 20. Ba3 ({Less strong is} 20. cxb6 axb6 21. e5 Bxe5 $14) 20... Bxc4 21. Nxc4 bxc5 22. e5 Rc8 (22... Nc6 23. Bxc5 Rc8 24. Bxf8 Bxf8) 23. Rb7 {[%emt 0:00:14] White is clearly winning.} Qd8 24. Rd1 Nd5 25. Bxd5 Qg5 26. f4 Qg4 27. Ne3 Qh5 28. Kg2 {[%emt 0:00:20] Weighted Error Value: White=0.30/Black=0.59} 1-0

[Event "Israeli Team U18-ch 2022"]
[Site "Be'er Ya'akov"]
[Date "2022.08.16"]
[Round "7.4"]
[White "Ben-Gera, Omer"]
[Black "Duchan, Yoav"]
[Result "0-1"]
[ECO "B35"]
[WhiteElo "1304"]
[BlackElo "1786"]
[Annotator "NA RC"]
[PlyCount "70"]
[EventDate "2022.08.14"]
[EventCountry "ISR"]
[SourceTitle "playchess.com"]
[Source "ChessBase"]
[SourceQuality "1"]
[TimeControl "3000+10"]

1. e4 c5 2. Nf3 Nc6 3. d4 cxd4 4. Nxd4 g6 5. Nc3 Bg7 6. Be3 Nf6 7. Qd2 Ng4 8. Bc4 Nxe3 9. fxe3 O-O 10. O-O-O d6 11. Qf2 Ne5 12. Be2 a6 13. h4 h5 14. Rdg1 Bg4 15. Nf3 Qd7 16. Nd5 Rae8 17. Nxe5 Bxe5 18. Nb6 Qc6 19. Nc4 Bg3 20. Qxg3 Bxe2 21. Nd2 Bd3 22. c3 Qa4 23. Nb3 Qxa2 24. Nd4 e5 25. Nc2 Qa4 26. Na3 Bxe4 27. Qg5 Bf5 28. Rf1 Qg4 29. Qh6 b5 30. Rf3 b4 31. Nc4 Qxc4 32. Rxf5 bxc3 33. Rxh5 cxb2+ 34. Kd2 Qb4+ 35. Ke2 Qg4+ 0-1

[Event "Israeli Team U18-ch 2022"]
[Site "Be'er Ya'akov"]
[Date "2022.08.16"]
[Round "7.6"]
[White "Milikow, Yoav"]
[Black "Neiman, Maks"]
[Result "1-0"]
[ECO "D11"]
[WhiteElo "2452"]
[BlackElo "2110"]
[Annotator "TA"]
[PlyCount "39"]
[EventDate "2022.08.14"]
[EventCountry "ISR"]
[SourceTitle "playchess.com"]
[Source "ChessBase"]
[SourceQuality "1"]
[TimeControl "3000+10"]

1. d4 d5 2. c4 c6 3. Nf3 Nf6 4. g3 Bf5 5. Nc3 e6 6. Nh4 {[%emt 0:00:16] D11: Slav Defence: 3 Nf3 sidelines and 3...Nf6 4 e3 Bg4.} dxc4 7. Nxf5 exf5 8. e3 {[%emt 0:00:07] The position is equal.} Bd6 9. Bxc4 O-O 10. O-O Nbd7 11. Re1 {[%emt 0:04:19] [#]} Qe7 $146 ({Predecessor:} 11... Nb6 12. Bf1 Re8 13. Bg2 h5 14. h4 {½-½ (14) Yilmaz,M (2626)-Durarbayli,V (2628) Havana 2022}) 12. Bd3 g6 13. e4 fxe4 14. Nxe4 (14. Bg5 $5 Qe6 15. Bxe4 $14 (15. Nxe4 Nxe4 16. Bxe4 Nb6 $11)) 14... Nxe4 15. Rxe4 Qf6 16. Qg4 Nb6 17. Bg5 Qg7 {[%emt 0:03:25] [#] Hoping for ...f5.} 18. Qh4 {[%emt 0:00:20] Black must now prevent Bf6.} h5 (18... Rfe8 $1 $11 {keeps the balance.}) 19. g4 $16 f6 20. Bd2 {[%emt 0:00:29] Weighted Error Value: White=0.02 (flawless) /Black=0.13 (very precise)} 1-0

[Event "Israeli Team U18-ch 2022"]
[Site "Be'er Ya'akov"]
[Date "2022.08.16"]
[Round "7.7"]
[White "Borodety, Itamar"]
[Black "Milikow, Elie"]
[Result "1-0"]
[ECO "B30"]
[WhiteElo "1939"]
[BlackElo "2433"]
[Annotator "TA"]
[PlyCount "107"]
[EventDate "2022.08.14"]
[EventCountry "ISR"]
[SourceTitle "playchess.com"]
[Source "ChessBase"]
[SourceQuality "1"]
[TimeControl "3000+10"]

1. e4 c5 2. Nf3 Nc6 3. Bb5 e6 4. Bxc6 bxc6 5. b3 d6 6. e5 {[%emt 0:00:19] B30: Sicilian: 2...Nc6 3 Bb5, lines without ...g6.} dxe5 7. Nxe5 Qg5 8. Ng4 {[%emt 0:00:51] White is slightly better.} f5 {[%emt 0:01:02] [#]} 9. Qf3 fxg4 10. Qxc6+ Kd8 (10... Kf7 $142 11. Qxa8 Qe5+ 12. Kd1 Qxa1) 11. Qxa8 $16 Qe5+ 12. Kd1 {[%emt 0:00:39] Hoping for Nc3.} Qxa1 13. Nc3 {[%emt 0:02:13] [#] Threatens to win with Ke2.} Nf6 $146 ({Predecessor:} 13... a6 14. Ke2 Nf6 15. Rd1 c4 16. bxc4 Kc7 17. Qa7+ Bb7 18. c5 Nd5 19. Ba3 {1-0 (19) Gonzalez Vidal,Y (2553)-Almeida Quintana,O (2545) Merida 2018}) 14. Qxa7 ({White should play} 14. Re1 $16 c4 15. Qxa7 cxb3 16. cxb3) 14... Nd5 15. Nxd5 exd5 16. Qa5+ Kd7 (16... Ke8 $2 17. Re1+ Kd7 18. Qa4+ Kc7 19. Re8 $18) 17. Qb5+ ({Don't play} 17. Re1 Bd6 18. Qb5+ Kc7 19. Qa5+ Kc6 20. Qa8+ (20. c4 dxc4 21. Qa4+ Kc7 $17) 20... Kc7 21. Qa5+ Kd7 22. Qa4+ Kc7 23. Qa5+ $15) 17... Kc7 18. Qa5+ Kc6 {[%emt 0:00:36] White must now prevent ...Bd6.} 19. Qa8+ $1 Bb7 20. Qe8+ Kc7 21. Qf7+ Kb6 $2 {[%emt 0:00:16] [#]} (21... Kb8 $11 {and Black has nothing to worry.} 22. Qe8+ Ka7) 22. Re1 $1 $18 Bc6 (22... Bd6 {keeps fighting.}) 23. Re6 {[%emt 0:00:56] Qd7 would kill now.} Bd6 24. Rxd6 {[%emt 0:00:03] Intending Qd7 and mate.} Qe5 $2 (24... Rc8 25. a4 Rc7 26. Qxd5 Kb7) 25. Qd7 Rc8 26. Re6 $2 (26. a4 {White wants to mate with a5+.} d4 27. a5+ Kb5 28. Rxc6 (28. Qxc8 Qxd6 29. Ba3 Kxa5 $16) 28... Rxc6 29. Qb7+ Kxa5 30. Qxc6) 26... Qc7 27. Qxc7+ Rxc7 {[%emt 0:00:05][%mdl 4096] Endgame KRB-KRB} 28. d4 cxd4 29. Bf4 Rf7 30. Be5 Kc5 (30... d3 {might work better.} 31. cxd3 d4 32. Bxd4+ Kb7) 31. b4+ Kb5 32. Bxd4 (32. a4+ $142 Kxa4 33. Rxc6) 32... Bd7 33. Rb6+ Kc4 34. Bc5 (34. c3 $18 {and the rest is easy.}) 34... Bb5 35. c3 Be8 $2 {[%emt 0:00:48] Black cannot hold the game after this.} (35... Rf6 $16) 36. Kc2 Ba4+ 37. Kb2 {[%emt 0:00:12] Strongly threatening Ra6.} Kd3 (37... Bb5 $142 38. Rb8 g6) 38. Re6 {[%emt 0:00:25] aiming for Ra6.} Kc4 $2 (38... Bb5 39. Rb6 Kc4) 39. Ra6 Bb5 40. Ra5 Rf6 41. a4 Be8 42. Be3 Kd3 43. Rxd5+ Ke2 44. Re5 Bxa4 45. Bg5+ Kxf2 46. Bxf6 gxf6 {[%emt 0:00:01] KR-KB} 47. Rh5 {[%emt 0:00:38] And now b5 would win.} Kxg2 48. b5 f5 49. b6 Bc6 50. Rxh7 f4 51. Rg7 (51. b7 $142 Bxb7 52. Rxb7 Kh1 53. Rg7 Kg2 54. Rxg4+ Kf3 55. Rg8 Ke2 56. h4) 51... Kh3 52. Kc2 {[%emt 0:00:34] White mates.} g3 53. hxg3 fxg3 54. b7 {[%emt 0:00:06] Weighted Error Value: White=0.30/Black=0.50} 1-0

[Event "Israeli Team U18-ch 2022"]
[Site "Be'er Ya'akov"]
[Date "2022.08.16"]
[Round "7.8"]
[White "Gorshtein, Asaf"]
[Black "Bilenkiy, Maksym"]
[Result "1/2-1/2"]
[ECO "B10"]
[WhiteElo "2112"]
[BlackElo "1650"]
[Annotator "TA"]
[PlyCount "74"]
[EventDate "2022.08.14"]
[EventCountry "ISR"]
[SourceTitle "playchess.com"]
[Source "ChessBase"]
[SourceQuality "1"]
[TimeControl "3000+10"]

1. e4 c6 2. Nf3 d5 3. d3 Bg4 4. Be2 Nf6 5. Nbd2 e6 6. c3 {[%emt 0:01:13] B10: Caro-Kann: 2 d3 and 2 c4.} c5 7. h3 Bh5 8. O-O {[%emt 0:00:47] White has an edge.} Be7 9. Re1 O-O {[%emt 0:00:27] [#]} 10. Qc2 $146 ({Predecessor:} 10. Qb3 Qc8 11. exd5 Nxd5 12. d4 Nf4 13. Bf1 Nc6 14. dxc5 Rd8 15. Qc4 Nd5 16. Nd4 {1-0 (38) Firouzja,A (2702)-Sunilduth Lyna,N (2611) chess24.com INT 2020}) 10... Nc6 11. Nf1 d4 12. Ng3 {[%emt 0:01:22] [#] Threatens to win with e5.} Bxf3 13. Bxf3 Nd7 14. Be2 Bh4 15. Nf1 Rc8 16. g3 Bf6 17. c4 e5 18. Nh2 a6 19. a3 b5 20. b3 bxc4 21. bxc4 Rb8 22. Bd2 Bg5 23. f4 Be7 24. Nf3 Bd6 (24... exf4 $11 25. gxf4 Qc7) 25. f5 $1 $14 Bc7 26. Reb1 Ba5 27. Rxb8 Qxb8 28. Bxa5 Nxa5 29. Qa4 Qc7 30. Rb1 f6 31. Nd2 Kf7 32. Bd1 Ke7 33. Bc2 Rb8 {[%emt 0:01:32] The position is equal.} 34. Rxb8 Nxb8 {[%emt 0:00:18] Pair of Knights!} 35. Nb3 Nxb3 36. Qxb3 Nd7 37. Kf2 Qa5 {[%emt 0:04:50] Weighted Error Value: White=0.08 (flawless) /Black=0.08 (flawless)} 1/2-1/2

[Event "Israeli Team U18-ch 2022"]
[Site "Be'er Ya'akov"]
[Date "2022.08.16"]
[Round "7.9"]
[White "Yaniv, Yuval"]
[Black "Aizenberg, Benny"]
[Result "0-1"]
[ECO "B24"]
[WhiteElo "2305"]
[BlackElo "2361"]
[Annotator "TA"]
[PlyCount "73"]
[EventDate "2022.08.14"]
[EventCountry "ISR"]
[SourceTitle "playchess.com"]
[Source "ChessBase"]
[SourceQuality "1"]
[TimeControl "3000+10"]

1. e4 c5 2. Nc3 Nc6 3. g3 g6 4. Bg2 Bg7 5. d3 e5 6. f4 Nge7 {[%emt 0:01:06] B24: Closed Sicilian: 3 g3 sidelines.} 7. Nf3 exf4 8. Bxf4 O-O {[%emt 0:05:46] [#]} (8... d6 $14) 9. Bd6 $146 ({Predecessor:} 9. O-O Qb6 10. Rb1 Nd4 11. Ne5 Ne6 12. Nc4 Qd8 13. Bd6 Bxc3 14. bxc3 a6 15. Nb6 {1-0 (15) Antal,L (2181)-Varga,P (1816) Miskolc 2004}) 9... Qb6 10. Na4 Qa5+ 11. c3 $1 b6 12. a3 $1 Ba6 13. b4 $1 cxb4 14. axb4 Qh5 (14... Qb5 $2 15. c4 Qh5 16. Rb1 $18) 15. d4 ({Better is} 15. O-O $16) 15... Rfe8 $1 $11 16. Nd2 $2 (16. Kf2 $11) 16... Qh6 $1 $19 17. Bf4 {[%emt 0:11:47] Against Qe3+} g5 18. Be3 {[%emt 0:00:04] [#]} Nd5 $1 19. Bf2 (19. Qf3 g4) 19... g4 20. Nf1 {[%emt 0:06:01] Against Ne3} (20. Qxg4 f5 21. Qh3 (21. Qxf5 $2 Ne3 $19) 21... Ne3) (20. b5 Bxb5 21. Qb3) 20... Rxe4+ 21. Bxe4 {[%emt 0:00:08] Black must now prevent Qb3.} Re8 $1 22. Nd2 Bd3 {[%emt 0:01:00] Strongly threatening ...Nf6.} 23. Qxg4 Nf6 {[%emt 0:01:46][%csl LRe4,LRg4] Dancing on a razor blade.} 24. Qf4 (24. Qf3 {is the only way for White.} Nxe4 25. Nxe4 Bxe4 26. Qe2) 24... Qh5 25. g4 Qd5 $40 {[%emt 0:01:35][%mdl 128] Black goes for the king.} (25... Qb5 $1 $19 {[%cal Rd3e4] has better winning chances.} 26. Qf5 (26. c4 $2 Qxb4 27. Qg3 Nxe4 $19) 26... d5) 26. c4 $17 Qe6 27. Nc3 {[%emt 0:00:07] aiming for d5.} ({Much worse is} 27. d5 Qe7 28. Bh4 (28. dxc6 $2 Nxe4 29. Be3 Be5 $19) 28... Qxb4 $1) 27... Nxe4 28. Ndxe4 (28. Ncxe4 $11 d5 29. cxd5 Qxd5 30. Ra3 Nxb4 31. Rxa7 Bxe4 32. O-O) 28... Qxc4 $19 29. Kd2 {[%emt 0:00:06] [#]} ({Worse is} 29. Qe3 {[#]} Rxe4 $1 30. Nxe4 Nxd4) (29. Be3 $142 Bxe4 30. Nxe4 Nxd4 31. Kf2 Qe2+ 32. Kg3) 29... Rxe4 $1 30. Qxe4 Bxe4 31. Nxe4 Nxb4 {[%emt 0:00:04] ( -> ...Qd3+)} 32. Ra3 {[%emt 0:00:13] Against Qd3+} Qc2+ 33. Ke3 d5 34. Ng3 {[%emt 0:00:22] [#]} Bxd4+ $1 35. Kxd4 Qxf2+ 36. Kc3 Qc2+ 37. Kd4 {[%emt 0:00:37] Weighted Error Value: White=1.22/Black=0.31} 0-1

[Event "Israeli Team U18-ch 2022"]
[Site "Be'er Ya'akov"]
[Date "2022.08.16"]
[Round "7.10"]
[White "Shteiman, Yuval"]
[Black "Zemach, Nadav"]
[Result "1/2-1/2"]
[ECO "A13"]
[WhiteElo "2034"]
[BlackElo "2225"]
[Annotator "TA"]
[PlyCount "60"]
[EventDate "2022.08.14"]
[EventCountry "ISR"]
[SourceTitle "playchess.com"]
[Source "ChessBase"]
[SourceQuality "1"]
[TimeControl "3000+10"]

1. c4 e6 2. g3 d5 3. Bg2 d4 4. Nf3 c5 5. e3 Nf6 6. O-O Nc6 7. exd4 cxd4 8. d3 Bd6 {[%emt 0:00:07] A13: English Opening: 1...e6.} 9. a3 a5 10. Bg5 h6 11. Bxf6 Qxf6 12. Nbd2 Qe7 13. Qc2 O-O 14. Rac1 e5 15. Rfe1 {[%emt 0:01:30] [#]} Qd8 $146 ({Black should play} 15... Be6 $11) ({Predecessor:} 15... Bc5 16. Nxe5 Nxe5 17. f4 Nxd3 18. Qxd3 Qc7 19. Nb3 Be7 20. Nxd4 Bf6 21. Kh1 Qc5 {0-1 (58) Haldorsen,B (2458)-Arvola,B (2476) Oslo 2020}) 16. Rb1 (16. c5 $14 Bc7 17. Nc4) 16... a4 $11 17. c5 Bc7 18. Nc4 {[%emt 0:04:10] Prevents Ra5.} Re8 19. Nfd2 f5 {[%emt 0:01:46] Against Ne4} 20. b4 {[%emt 0:04:59] [#] And now b5 would win.} axb3 $1 21. Qxb3 {[%emt 0:00:08] Black must now prevent Nxe5+.} Kh8 22. Qb5 Ra6 23. Nd6 Bxd6 24. cxd6 Qxd6 25. Nc4 $36 {[%emt 0:00:10][%mdl 2048] Black is under pressure.} Qc7 26. Bxc6 bxc6 27. Qb8 Qxb8 28. Rxb8 {[%emt 0:00:06] Strongly threatening Nd6.} Bd7 {[%emt 0:00:04] [#]} (28... Rg8 $11) 29. Rb7 $1 $16 {[%emt 0:01:57][%mdl 1024] White has strong compensation.} Bc8 30. Rb8 {[%emt 0:00:18] White is more active.} (30. Rc7 $16 {Threatens to win with Nd6.} Ra8 31. Rxe5 Rxe5 32. Nxe5) 30... Bd7 {[%emt 0:00:23] Weighted Error Value: White=0.13 (very precise) /Black=0.11 (very precise)} ({Don't play} 30... e4 31. Nd6 Rg8 32. Nxc8 $14 (32. Rxc8 Rxc8 33. Nxc8 exd3 $16)) 1/2-1/2

[Event "Israeli Team U18-ch 2022"]
[Site "Be'er Ya'akov"]
[Date "2022.08.16"]
[Round "7.11"]
[White "Vagman, Roy"]
[Black "Friedland, Eldar"]
[Result "1/2-1/2"]
[ECO "B38"]
[WhiteElo "2180"]
[BlackElo "1990"]
[Annotator "TA"]
[PlyCount "153"]
[EventDate "2022.08.14"]
[EventCountry "ISR"]
[SourceTitle "playchess.com"]
[Source "ChessBase"]
[SourceQuality "1"]
[TimeControl "3000+10"]

1. e4 c5 2. Nf3 g6 3. c4 Bg7 4. d4 cxd4 5. Nxd4 Nc6 6. Be3 Nf6 7. Nc3 O-O 8. Be2 d6 9. O-O Bd7 10. h3 Nxd4 11. Bxd4 Bc6 12. Qc2 {[%emt 0:00:00] B38: Sicilian: Maroczy Bind with 5...Bg7 and 7...0-0.} Nd7 13. Bxg7 {[%emt 0:00:00] White is more active.} Kxg7 14. b4 {[%emt 0:00:00] [#] And now b5 would win. White is slightly better.} b6 15. Qb2 Kg8 16. Rad1 a5 17. a3 Qc7 18. f4 axb4 19. axb4 Qa7 20. Ra1 {[%emt 0:00:00] [#] Against Qa3} Qb7 $146 ({Predecessor:} 20... Qc7 21. Bd3 Nf6 22. Rae1 Nd7 23. Rf2 e6 24. Bf1 Rfd8 25. Rd2 Nf6 26. Bd3 Nh5 {1-0 (53) Warmerdam,M (2506)-Mhango,B (2117) Chess.com INT 2020}) 21. Bd3 Rxa1 22. Rxa1 Ra8 23. Re1 {[%emt 0:00:00] [#] b5 is the strong threat.} Qa7 24. Nd5 Bxd5 25. cxd5 (25. exd5 $5 b5+ 26. Kh2 $11) 25... Qa2 26. Qxa2 (26. Re2 $5 Qa1+ 27. Qxa1 Rxa1+ 28. Kf2 $11) 26... Rxa2 $11 {[%emt 0:00:05][%mdl 4096] Endgame KRB-KRN} 27. Re2 {[%emt 0:00:00] Prevents Rb2.} Ra3 28. Bc2 (28. Rd2 $11) 28... Nf6 $17 29. Kh2 Nh5 30. Rf2 Ra2 31. g3 Kg7 (31... Nf6 $142 {Threatens to win with ...Nxe4.} 32. Kg2 Rb2) 32. e5 f6 (32... b5 $17) 33. exd6 $11 {[%emt 0:00:29] The position is equal.} exd6 34. Kg2 f5 35. Bd1 Rxf2+ 36. Kxf2 {[%emt 0:00:02] KB-KN} Nf6 37. Bf3 Kf7 38. Ke3 Ke7 39. Kd4 Kd7 40. g4 fxg4 41. hxg4 h6 42. Kc4 Kc7 43. Kd4 Kd7 44. Be2 Kc7 45. Bf3 Kd7 46. Ke3 Ke7 47. Kf2 Kf7 48. Kg3 Kg7 49. Kh4 Ne8 50. Be2 Nc7 51. Bc4 Kf6 52. b5 Ne8 53. g5+ $1 hxg5+ 54. fxg5+ Kf7 55. Kg4 Ng7 56. Bd3 Ne8 57. Kf4 Kg7 58. Ke4 Kf7 59. Kd4 Ng7 60. Be4 Nh5 {[%emt 0:00:08] White must now prevent ...Nf4.} 61. Bf3 Ng7 62. Bg4 Ke7 63. Ke4 Kf7 64. Bd7 Ke7 65. Bh3 Ne8 66. Kd4 Nc7 67. Bf1 Ne8 68. Bh3 Nc7 69. Bf1 Ne8 70. Bd3 Kf7 71. Ke4 Ng7 72. Kf4 Ne8 73. Kf3 Nc7 74. Bf1 Kg7 75. Ke4 Kf7 76. Kd4 Kg7 77. Ke4 {[%emt 0:00:24] Weighted Error Value: White=0.10 (very precise) /Black=0.07 (flawless)} 1/2-1/2

[Event "Israeli Team U18-ch 2022"]
[Site "Be'er Ya'akov"]
[Date "2022.08.16"]
[Round "7.12"]
[White "Ostrovsky Berman, Noam"]
[Black "Levi, Or"]
[Result "1/2-1/2"]
[ECO "B92"]
[WhiteElo "1778"]
[BlackElo "1784"]
[Annotator "NA RC"]
[PlyCount "89"]
[EventDate "2022.08.14"]
[EventCountry "ISR"]
[SourceTitle "playchess.com"]
[Source "ChessBase"]
[SourceQuality "1"]
[TimeControl "3000+10"]

1. e4 c5 2. Nf3 d6 3. d4 cxd4 4. Nxd4 Nf6 5. Nc3 a6 6. Be2 e5 7. Nb3 Be7 8. O-O O-O 9. Qd3 Nc6 10. Nd5 Nxd5 11. exd5 Nb8 12. c4 Nd7 13. f4 Bf6 14. Qg3 a5 15. Be3 a4 16. Nd2 exf4 17. Bxf4 Be5 18. Ne4 Bxf4 19. Qxf4 Qb6+ 20. Rf2 Ne5 21. Raf1 Bd7 22. c5 Qxb2 23. Nxd6 Ng6 24. Qc4 Ne5 25. Qe4 f5 26. Qb1 Qd4 27. Qc2 Qxd5 28. Nxf5 Bxf5 29. Rxf5 Rxf5 30. Rxf5 Qd4+ 31. Kh1 h6 32. h3 Rc8 33. Qb1 Rc7 34. Rf1 Qxc5 35. Qb2 Re7 36. Qb5 Qxb5 37. Bxb5 a3 38. Rb1 Nc6 39. Rb3 Nd4 40. Bc4+ Kh7 41. Rxa3 Re1+ 42. Kh2 Ra1 43. Ra7 b5 44. Bd3+ Kg8 45. Rd7 1/2-1/2

[Event "Israeli Team U18-ch 2022"]
[Site "Be'er Ya'akov"]
[Date "2022.08.16"]
[Round "7.13"]
[White "Gov, Guy"]
[Black "Michaeli, Omri"]
[Result "1-0"]
[ECO "C56"]
[WhiteElo "2174"]
[BlackElo "1896"]
[Annotator "TA"]
[PlyCount "45"]
[EventDate "2022.08.14"]
[EventCountry "ISR"]
[SourceTitle "playchess.com"]
[Source "ChessBase"]
[SourceQuality "1"]
[TimeControl "3000+10"]

1. e4 e5 2. Nf3 Nc6 3. d4 exd4 4. Bc4 Nf6 5. O-O Bc5 6. e5 d5 7. exf6 dxc4 8. fxg7 {[%emt 0:00:01] C56: Two Knights: 4 d4 exd4 5 0-0 Nxe4.} Rg8 9. Bg5 Qd5 {[%emt 0:03:12][%mdl 8192] Nowadays more popular than 9...Be7.} (9... f6 $14 10. Bh6 Qe7) 10. Nc3 $18 {[%emt 0:00:15] White has a decisive advantage.} Qf5 11. Re1+ Be6 {[%emt 0:00:10] [#]} 12. Ne4 ({Inferior is} 12. Nb5 Bb6 13. a4 (13. Nbxd4 Nxd4 14. Nxd4 Bxd4 $17) 13... Rxg7 $17) 12... Rxg7 {[%emt 0:01:09] [#]} 13. Nh4 $1 {[%emt 0:00:24] Pair of Knights!} Qxg5 (13... Rxg5 {was called for.} 14. Nxf5 Rxf5) 14. Nxg5 {[%emt 0:00:31][%mdl 64] Discovered Attack. White is clearly winning.} Rxg5 15. f4 d3+ 16. Kh1 dxc2 17. Qxc2 Rh5 {[%emt 0:02:01] [#]} 18. f5 $146 ({Predecessor:} 18. Nf5 O-O-O 19. Rxe6 fxe6 20. g4 Rh3 21. Qxc4 Rd2 22. Qxc5 Rhxh2+ 23. Kg1 exf5 24. Re1 {0-1 (46) Howell,S (2060)-Teran Abreu,L (2121) Port of Spain 2009}) 18... Nd4 19. Qe4 Rxh4 20. Qxh4 Nxf5 21. Qxc4 b6 22. b4 Ne7 23. Rxe6 {[%emt 0:00:11] Black did not feel at home in the position after the opening.  Weighted Error Value: White=0.02 (flawless) /Black=1.12} 1-0

[Event "Israeli Team U18-ch 2022"]
[Site "Be'er Ya'akov"]
[Date "2022.08.16"]
[Round "7.14"]
[White "Shocron, Alon"]
[Black "Tsirilman, Guy"]
[Result "0-1"]
[ECO "A24"]
[WhiteElo "1895"]
[BlackElo "2108"]
[Annotator "TA"]
[PlyCount "70"]
[EventDate "2022.08.14"]
[EventCountry "ISR"]
[SourceTitle "playchess.com"]
[Source "ChessBase"]
[SourceQuality "1"]
[TimeControl "3000+10"]

1. c4 Nf6 2. Nc3 g6 3. g3 Bg7 4. Bg2 d6 5. e3 O-O 6. Nge2 e5 7. O-O Nbd7 {[%emt 0:00:51] 7...Nc6 is the modern continuation.} 8. d3 a5 {[%emt 0:04:20] A24: English Opening vs King's Indian: Lines without ...Nc6.} 9. b3 Re8 10. a3 {[%emt 0:05:28] [#]} Nf8 $146 {[%emt 0:04:29] The position is equal.} ({Predecessor:} 10... Nc5 11. e4 c6 12. h3 Nfd7 13. Be3 f5 14. Qc2 Qf6 15. d4 Nxe4 16. Nxe4 fxe4 17. Qxe4 {1-0 (36) Nassr,L (1982)-Miladi,A (1777) Hammamet 2019}) 11. Bb2 h5 12. Qd2 h4 13. b4 N8h7 (13... h3 $15 14. Bh1 c6) 14. Nd5 (14. gxh4 $11 Nh5 15. Ng3) 14... hxg3 15. fxg3 c6 16. Nxf6+ Nxf6 17. d4 {[%emt 0:02:13] White is now going downhill.} (17. b5 $15) 17... Qe7 ({Black should try} 17... Bh6 $17 {Hoping for ...Ng4.} 18. Rae1 Ng4) 18. d5 cxd5 19. Bxd5 (19. cxd5 $142 axb4 20. Qxb4) 19... Nxd5 $17 20. cxd5 Bh6 21. Qd3 (21. bxa5 $17 Bh3 22. Rfe1) 21... Bh3 $19 22. Rfe1 Qc7 23. Nc3 {[%emt 0:01:13] [#]} axb4 $1 24. axb4 Rxa1 25. Bxa1 Ra8 26. Bb2 Qb6 27. b5 Kg7 28. Nd1 (28. Kf2 {was worth a try.}) 28... Bf5 29. Qb3 Ra5 30. Nc3 (30. Bc3 Rxb5 31. Qc4) 30... Bxe3+ {[%emt 0:00:25] Black is clearly winning.} 31. Kg2 Bd4 {[%emt 0:00:35] This bishop pair is nice.} 32. Re2 Bxc3 33. Qxc3 Rxb5 34. Rxe5 {[%emt 0:00:29] [#] Threatening mate with Re6+.} Rb3 ({And not} 34... dxe5 35. Qxe5+ Kf8 36. Ba3+ Rb4 37. Qf4 $11) 35. Qxb3 (35. Rxf5+ $142 Rxc3 36. Bxc3+ Kf8 37. Rf4) 35... Qxb3 {[%emt 0:00:05] Weighted Error Value: White=0.54/Black=0.13 (very precise)} 0-1

[Event "Israeli Team U18-ch 2022"]
[Site "Be'er Ya'akov"]
[Date "2022.08.16"]
[Round "7.15"]
[White "Orian, Noga"]
[Black "Kabakov, Iddo"]
[Result "1-0"]
[ECO "D85"]
[WhiteElo "1914"]
[BlackElo "1592"]
[Annotator "NA RC"]
[PlyCount "53"]
[EventDate "2022.08.14"]
[EventCountry "ISR"]
[SourceTitle "playchess.com"]
[Source "ChessBase"]
[SourceQuality "1"]
[TimeControl "3000+10"]

1. d4 Nf6 2. c4 g6 3. Nc3 d5 4. cxd5 Nxd5 5. e4 Nxc3 6. bxc3 Bg7 7. Be3 c5 8. Rc1 O-O 9. Qd2 Nc6 10. d5 Ne5 11. h3 b6 12. f4 Nd7 13. Nf3 Nf6 14. Qc2 Qc7 15. g4 Rd8 16. c4 Ne8 17. Bd3 Bb7 18. Kf2 Nd6 19. e5 Ne8 20. h4 Qc8 21. h5 Qxg4 22. Rcg1 Qd7 23. hxg6 fxg6 24. Bxg6 hxg6 25. Qxg6 Rac8 26. e6 Qa4 27. Qf7# 1-0

[Event "Israeli Team U18-ch 2022"]
[Site "Be'er Ya'akov"]
[Date "2022.08.16"]
[Round "7.16"]
[White "Kabakov, Iddo"]
[Black "Zuev, Ilya"]
[Result "*"]
[ECO "C01"]
[WhiteElo "1592"]
[BlackElo "1789"]
[Annotator "NA RC"]
[PlyCount "20"]
[EventDate "2022.08.14"]
[EventCountry "ISR"]
[SourceTitle "playchess.com"]
[Source "ChessBase"]
[SourceQuality "1"]
[TimeControl "3000+10"]

1. e4 e6 2. d4 d5 3. exd5 exd5 4. Nf3 Nf6 5. Bd3 Bd6 6. O-O O-O 7. Re1 Re8 8. Rxe8+ Qxe8 9. Bg5 Ne4 10. Qe2 f5 *